[ PARTIDA AOE2 · #488295840 ]
UnrankedFrancos vs Britons
[ ANÁLISIS DE REPETICIÓN · EXTRAÍDO DE LA PARTIDA GRABADA ]
Feudal
9:25
Castillos
25:39
Imperial
—
| APM promedio | 47.1 |
| APM pico | 101 |
| eAPM promedio | 21.3 |
| Aldeanos / militares | 95 / 66 |
Foco
⚔️ 31.2% · 🌾 68.8%
Knight ×43 · Scout Cavalry ×19 · Spearman ×4
Feudal
9:41
Castillos
24:58
Imperial
—
| APM promedio | 47.4 |
| APM pico | 93 |
| eAPM promedio | 22.4 |
| Aldeanos / militares | 72 / 43 |
Foco
⚔️ 23.2% · 🌾 76.8%
Archer ×36 · Scout Cavalry ×6 · Spearman ×1
Feudal
8:27
Castillos
24:45
Imperial
—
| APM promedio | 34.1 |
| APM pico | 64 |
| eAPM promedio | 17.9 |
| Aldeanos / militares | 93 / 40 |
Foco
⚔️ 35.4% · 🌾 64.6%
Camel Scout ×23 · Scout Cavalry ×7 · Scorpion ×4 · Mangonel ×3 · Battering Ram ×3
Feudal
9:55
Castillos
22:05
Imperial
—
| APM promedio | 37.0 |
| APM pico | 84 |
| eAPM promedio | 14.5 |
| Aldeanos / militares | 78 / 56 |
Foco
⚔️ 25.1% · 🌾 74.9%
Camel Scout ×44 · Scout Cavalry ×7 · Spearman ×4 · Knight ×1
Feudal
9:44
Castillos
20:50
Imperial
—
| APM promedio | 29.5 |
| APM pico | 70 |
| eAPM promedio | 14.9 |
| Aldeanos / militares | 83 / 38 |
Foco
⚔️ 31.8% · 🌾 68.2%
Camel Scout ×23 · Scout Cavalry ×5 · Monk ×4 · Skirmisher ×4 · Spearman ×2
Feudal
8:51
Castillos
22:00
Imperial
—
| APM promedio | 48.8 |
| APM pico | 96 |
| eAPM promedio | 22.4 |
| Aldeanos / militares | 84 / 50 |
Foco
⚔️ 23.2% · 🌾 76.8%
Cavalry Archer ×31 · Scout Cavalry ×6 · Steppe Lancer ×5 · Spearman ×4 · Monk ×2 · Knight ×2
Mapa de la partida
Recursos iniciales + cada clic de construcción. Líneas = muros · curvas = relieve. ◆ oro · ⬟ piedra · ● bayas · ✦ reliquia · ◌ hueco del cierre
Tu base· ✓ Cerrada en 25:39 · 48t muro · 1 puerta(s)
Base de Ming Fu· ✓ Cerrada en 24:58 · 45t muro · 2 puerta(s)
Base de LMG_Leonardo· ✓ Cerrada en 24:45 · 85t muro · 2 puerta(s)
Base de 17_Ovlin· ✓ Cerrada en 22:05 · 51t muro · sin puerta
Base de Rio· ✓ Cerrada en 20:50 · 51t muro · 1 puerta(s)
Base de LMG_HERA DE TEMU· ✓ Cerrada en 22:00 · 44t muro · 2 puerta(s)
Terreno inicial suavizado · ◌ = hueco del cierre detectado · pasá el cursor para detalles
Inputs por minuto
— LMG_SON SABANDIJAS - - Ming Fu
Build order — LMG_SON SABANDIJAS
Primeras 150 de 266 acciones detectadas
| 0:01 | Crear | Villager (Male) |
| 0:02 | Crear | Villager (Male) |
| 0:02 | Crear | Villager (Male) |
| 0:03 | Construir | House |
| 0:06 | Construir | House |
| 0:14 | Crear | Villager (Male) |
| 0:14 | Crear | Villager (Male) |
| 1:17 | Crear | Villager (Male) |
| 1:18 | Crear | Villager (Male) |
| 1:45 | Crear | Villager (Male) |
| 1:46 | Crear | Villager (Male) |
| 2:13 | Construir | Lumber Camp |
| 2:14 | Crear | Villager (Male) |
| 2:15 | Crear | Villager (Male) |
| 2:46 | Crear | Villager (Male) |
| 2:47 | Crear | Villager (Male) |
| 3:27 | Crear | Villager (Male) |
| 3:28 | Crear | Villager (Male) |
| 3:28 | Crear | Villager (Male) |
| 3:28 | Crear | Villager (Male) |
| 4:04 | Crear | Villager (Male) |
| 4:04 | Crear | Villager (Male) |
| 4:21 | Construir | House |
| 4:48 | Crear | Villager (Male) |
| 4:49 | Crear | Villager (Male) |
| 4:52 | Construir | Mill |
| 5:47 | Crear | Villager (Male) |
| 5:47 | Crear | Villager (Male) |
| 6:19 | Crear | Villager (Male) |
| 6:19 | Crear | Villager (Male) |
| 6:41 | Investigar | Loom |
| 7:09 | Investigar | Feudal Age |
| 7:28 | Crear | Villager (Male) |
| 7:55 | Construir | House |
| 7:57 | Construir | Barracks |
| 8:12 | Construir | House |
| 8:16 | Construir | Palisade Wall |
| 8:18 | Construir | Palisade Wall |
| 9:10 | Construir | Palisade Gate |
| 9:13 | Crear | Villager (Male) |
| 9:23 | Construir | Palisade Wall |
| 9:25 | Edad | Edad Feudal |
| 9:37 | Construir | Stable |
| 9:56 | Investigar | Double-Bit Axe |
| 9:57 | Crear | Villager (Male) |
| 10:01 | Construir | Palisade Wall |
| 10:02 | Construir | Palisade Wall |
| 10:04 | Construir | Palisade Wall |
| 10:04 | Construir | Palisade Wall |
| 10:05 | Construir | Palisade Wall |
| 10:15 | Construir | Palisade Wall |
| 10:23 | Crear | Villager (Male) |
| 10:23 | Crear | Villager (Male) |
| 10:23 | Crear | Villager (Male) |
| 10:29 | Construir | House |
| 10:31 | Construir | Palisade Wall |
| 10:36 | Crear | Villager (Male) |
| 10:40 | Crear | Scout Cavalry |
| 10:40 | Crear | Scout Cavalry |
| 10:41 | Crear | Scout Cavalry |
| 10:47 | Construir | House |
| 10:50 | Construir | Palisade Wall |
| 10:52 | Construir | Palisade Wall |
| 10:57 | Construir | Palisade Wall |
| 10:59 | Crear | Villager (Male) |
| 10:59 | Crear | Villager (Male) |
| 11:19 | Crear | Scout Cavalry |
| 11:19 | Crear | Scout Cavalry |
| 11:27 | Crear | Villager (Male) |
| 11:53 | Crear | Villager (Male) |
| 11:53 | Crear | Villager (Male) |
| 12:25 | Construir | Blacksmith |
| 12:31 | Crear | Villager (Male) |
| 12:40 | Crear | Villager (Male) |
| 12:56 | Construir | Farm |
| 12:57 | Construir | Farm |
| 12:57 | Construir | Farm |
| 12:57 | Construir | Farm |
| 12:57 | Construir | Farm |
| 12:58 | Construir | Farm |
| 12:58 | Crear | Villager (Male) |
| 13:13 | Crear | Villager (Male) |
| 13:14 | Crear | Villager (Male) |
| 13:39 | Crear | Scout Cavalry |
| 13:39 | Crear | Scout Cavalry |
| 13:55 | Crear | Villager (Male) |
| 13:58 | Construir | Farm |
| 13:59 | Construir | Farm |
| 13:59 | Construir | Farm |
| 13:59 | Construir | Farm |
| 14:00 | Crear | Villager (Male) |
| 14:07 | Construir | Farm |
| 14:09 | Crear | Villager (Male) |
| 14:30 | Investigar | Forging |
| 14:33 | Construir | Farm |
| 14:34 | Crear | Villager (Male) |
| 15:00 | Crear | Scout Cavalry |
| 15:01 | Crear | Scout Cavalry |
| 15:27 | Investigar | Scale Barding Armor |
| 16:06 | Construir | House |
| 16:07 | Construir | House |
| 16:08 | Construir | House |
| 16:09 | Construir | House |
| 16:14 | Crear | Scout Cavalry |
| 16:43 | Construir | Farm |
| 16:44 | Construir | Farm |
| 16:44 | Construir | Farm |
| 16:44 | Construir | Farm |
| 16:44 | Construir | Farm |
| 16:45 | Construir | Farm |
| 17:00 | Crear | Scout Cavalry |
| 17:00 | Crear | Scout Cavalry |
| 17:17 | Construir | Farm |
| 17:17 | Construir | Farm |
| 17:33 | Construir | Stable |
| 17:38 | Crear | Spearman |
| 17:52 | Crear | Villager (Male) |
| 17:52 | Crear | Villager (Male) |
| 17:52 | Crear | Villager (Male) |
| 18:07 | Crear | Scout Cavalry |
| 18:07 | Crear | Scout Cavalry |
| 18:13 | Construir | Farm |
| 18:13 | Construir | Farm |
| 18:14 | Construir | Farm |
| 18:15 | Crear | Villager (Male) |
| 18:16 | Crear | Villager (Male) |
| 18:45 | Construir | House |
| 18:49 | Construir | House |
| 19:28 | Investigar | Wheelbarrow |
| 19:36 | Construir | Mining Camp |
| 19:37 | Crear | Villager (Male) |
| 19:37 | Crear | Villager (Male) |
| 20:00 | Construir | Farm |
| 20:00 | Construir | Farm |
| 20:01 | Construir | Farm |
| 20:12 | Construir | Farm |
| 20:13 | Crear | Villager (Male) |
| 20:17 | Crear | Villager (Male) |
| 20:40 | Construir | Farm |
| 20:44 | Crear | Villager (Male) |
| 21:08 | Crear | Scout Cavalry |
| 21:08 | Crear | Scout Cavalry |
| 21:11 | Crear | Villager (Male) |
| 21:54 | Crear | Villager (Male) |
| 22:34 | Construir | Stable |
| 22:59 | Investigar | Castle Age |
| 23:07 | Construir | Stable |
| 23:26 | Crear | Scout Cavalry |
| 24:48 | Crear | Spearman |
| 24:48 | Crear | Spearman |
Build order — Ming Fu
Primeras 150 de 213 acciones detectadas
| 0:00 | Crear | Villager (Male) |
| 0:00 | Crear | Villager (Male) |
| 0:01 | Crear | Villager (Male) |
| 0:02 | Construir | House |
| 0:03 | Construir | House |
| 0:03 | Crear | Villager (Male) |
| 0:03 | Crear | Villager (Male) |
| 1:35 | Crear | Villager (Male) |
| 1:48 | Construir | Lumber Camp |
| 2:02 | Crear | Villager (Male) |
| 2:02 | Crear | Villager (Male) |
| 2:13 | Crear | Villager (Male) |
| 2:13 | Crear | Villager (Male) |
| 2:39 | Crear | Villager (Male) |
| 2:39 | Crear | Villager (Male) |
| 2:57 | Crear | Villager (Male) |
| 3:27 | Construir | House |
| 3:33 | Crear | Villager (Male) |
| 3:34 | Crear | Villager (Male) |
| 3:38 | Construir | House |
| 3:58 | Crear | Villager (Male) |
| 3:58 | Crear | Villager (Male) |
| 4:13 | Construir | Mill |
| 4:47 | Crear | Villager (Male) |
| 5:16 | Crear | Villager (Male) |
| 5:53 | Crear | Villager (Male) |
| 6:08 | Crear | Villager (Male) |
| 6:12 | Investigar | Loom |
| 7:13 | Crear | Villager (Male) |
| 7:31 | Investigar | Feudal Age |
| 7:31 | Investigar | Feudal Age |
| 8:14 | Construir | Barracks |
| 8:25 | Construir | House |
| 8:30 | Construir | Palisade Wall |
| 9:31 | Construir | House |
| 9:41 | Edad | Edad Feudal |
| 9:41 | Construir | House |
| 9:43 | Construir | Palisade Wall |
| 9:53 | Construir | Stable |
| 10:11 | Crear | Spearman |
| 10:28 | Construir | Palisade Wall |
| 10:39 | Crear | Villager (Male) |
| 10:40 | Crear | Villager (Male) |
| 10:41 | Crear | Villager (Male) |
| 10:50 | Construir | House |
| 10:51 | Construir | Palisade Wall |
| 11:01 | Construir | Palisade Wall |
| 11:13 | Construir | Farm |
| 11:15 | Investigar | Double-Bit Axe |
| 11:26 | Construir | Palisade Wall |
| 11:31 | Investigar | Horse Collar |
| 11:34 | Crear | Scout Cavalry |
| 11:34 | Crear | Scout Cavalry |
| 12:09 | Crear | Villager (Male) |
| 12:11 | Crear | Villager (Male) |
| 12:16 | Construir | House |
| 12:18 | Construir | Palisade Wall |
| 12:29 | Construir | Palisade Wall |
| 12:31 | Crear | Villager (Male) |
| 12:36 | Crear | Scout Cavalry |
| 12:36 | Crear | Scout Cavalry |
| 12:37 | Crear | Villager (Male) |
| 12:45 | Construir | Farm |
| 12:59 | Crear | Villager (Male) |
| 13:08 | Crear | Villager (Male) |
| 13:23 | Crear | Villager (Male) |
| 13:23 | Crear | Villager (Male) |
| 13:29 | Construir | Farm |
| 13:34 | Construir | Farm |
| 13:36 | Construir | Farm |
| 13:38 | Construir | Farm |
| 13:40 | Crear | Villager (Male) |
| 13:46 | Crear | Villager (Male) |
| 13:52 | Crear | Scout Cavalry |
| 13:53 | Crear | Scout Cavalry |
| 14:04 | Construir | Blacksmith |
| 14:23 | Crear | Villager (Male) |
| 14:45 | Construir | Farm |
| 14:49 | Construir | Farm |
| 15:11 | Construir | Lumber Camp |
| 15:16 | Construir | Farm |
| 15:17 | Crear | Villager (Male) |
| 15:56 | Construir | Farm |
| 15:58 | Crear | Villager (Male) |
| 16:02 | Crear | Villager (Male) |
| 16:03 | Crear | Villager (Male) |
| 16:22 | Construir | Farm |
| 16:26 | Construir | House |
| 16:30 | Construir | Farm |
| 16:34 | Construir | Farm |
| 16:37 | Crear | Villager (Male) |
| 16:42 | Construir | Farm |
| 16:46 | Construir | Farm |
| 17:05 | Crear | Villager (Male) |
| 17:08 | Construir | Farm |
| 17:09 | Crear | Villager (Male) |
| 18:02 | Crear | Villager (Male) |
| 18:03 | Crear | Villager (Male) |
| 18:27 | Crear | Villager (Male) |
| 18:39 | Crear | Villager (Male) |
| 18:42 | Construir | Farm |
| 19:05 | Construir | Mining Camp |
| 19:19 | Construir | Market |
| 19:39 | Construir | House |
| 19:46 | Construir | Palisade Gate |
| 19:54 | Construir | Archery Range |
| 19:55 | Construir | Archery Range |
| 20:00 | Crear | Villager (Male) |
| 20:02 | Investigar | Gold Mining |
| 20:18 | Construir | House |
| 20:43 | Construir | House |
| 20:53 | Construir | House |
| 20:56 | Construir | House |
| 21:02 | Crear | Villager (Male) |
| 21:03 | Crear | Villager (Male) |
| 21:03 | Crear | Villager (Male) |
| 21:09 | Construir | House |
| 21:11 | Construir | House |
| 21:16 | Construir | House |
| 21:22 | Construir | House |
| 21:24 | Construir | House |
| 21:33 | Construir | Palisade Wall |
| 21:34 | Construir | Palisade Wall |
| 21:56 | Construir | House |
| 22:10 | Investigar | Castle Age |
| 22:26 | Construir | Palisade Gate |
| 22:33 | Crear | Archer |
| 22:33 | Crear | Archer |
| 22:42 | Crear | Archer |
| 23:07 | Crear | Archer |
| 23:07 | Crear | Archer |
| 23:12 | Construir | Archery Range |
| 23:24 | Construir | House |
| 23:33 | Construir | House |
| 23:35 | Construir | Palisade Wall |
| 23:44 | Construir | House |
| 23:46 | Construir | House |
| 23:50 | Construir | Palisade Wall |
| 23:52 | Construir | Palisade Wall |
| 23:53 | Construir | House |
| 23:54 | Construir | Palisade Wall |
| 24:04 | Crear | Archer |
| 24:04 | Crear | Archer |
| 24:04 | Crear | Archer |
| 24:30 | Crear | Archer |
| 24:30 | Crear | Archer |
| 24:30 | Crear | Archer |
| 24:58 | Edad | Edad de los Castillos |
| 25:33 | Construir | Town Center |
| 25:38 | Crear | Villager (Male) |
Build order — LMG_Leonardo
Primeras 150 de 228 acciones detectadas
| 0:01 | Crear | Villager (Male) |
| 0:02 | Crear | Villager (Male) |
| 0:02 | Crear | Villager (Male) |
| 0:02 | Crear | Villager (Male) |
| 0:03 | Construir | House |
| 0:05 | Construir | House |
| 0:46 | Crear | Villager (Male) |
| 1:21 | Crear | Villager (Male) |
| 1:21 | Crear | Villager (Male) |
| 1:39 | Crear | Villager (Male) |
| 1:59 | Construir | Lumber Camp |
| 2:28 | Crear | Villager (Male) |
| 2:28 | Crear | Villager (Male) |
| 2:57 | Crear | Villager (Male) |
| 2:58 | Crear | Villager (Male) |
| 2:58 | Crear | Villager (Male) |
| 3:20 | Construir | House |
| 3:25 | Crear | Villager (Male) |
| 3:26 | Crear | Villager (Male) |
| 4:12 | Crear | Villager (Male) |
| 4:13 | Crear | Villager (Male) |
| 4:18 | Construir | Mill |
| 5:01 | Crear | Villager (Male) |
| 5:01 | Crear | Villager (Male) |
| 5:04 | Crear | Villager (Male) |
| 5:04 | Crear | Villager (Male) |
| 5:19 | Investigar | Loom |
| 5:59 | Crear | Villager (Male) |
| 6:20 | Crear | Villager (Male) |
| 6:22 | Investigar | Feudal Age |
| 6:52 | Crear | Villager (Male) |
| 6:53 | Crear | Villager (Male) |
| 7:09 | Construir | Barracks |
| 7:22 | Construir | House |
| 8:27 | Edad | Edad Feudal |
| 8:50 | Construir | House |
| 8:52 | Construir | House |
| 8:56 | Construir | Farm |
| 9:02 | Construir | Farm |
| 9:03 | Crear | Villager (Male) |
| 9:07 | Construir | Stable |
| 9:23 | Crear | Villager (Male) |
| 9:38 | Investigar | Double-Bit Axe |
| 9:44 | Construir | Palisade Wall |
| 9:45 | Construir | Palisade Wall |
| 9:48 | Crear | Villager (Male) |
| 9:51 | Investigar | Horse Collar |
| 10:11 | Crear | Scout Cavalry |
| 10:11 | Crear | Scout Cavalry |
| 10:15 | Crear | Villager (Male) |
| 10:31 | Construir | Palisade Wall |
| 10:32 | Construir | Palisade Wall |
| 10:33 | Crear | Villager (Male) |
| 10:41 | Construir | Farm |
| 10:46 | Crear | Villager (Male) |
| 11:03 | Crear | Villager (Male) |
| 11:09 | Construir | Farm |
| 11:21 | Crear | Villager (Male) |
| 11:27 | Construir | Palisade Wall |
| 11:32 | Construir | Palisade Wall |
| 11:37 | Construir | Palisade Wall |
| 11:39 | Construir | Palisade Wall |
| 11:47 | Construir | Palisade Wall |
| 11:52 | Construir | Farm |
| 11:54 | Crear | Villager (Male) |
| 12:00 | Crear | Scout Cavalry |
| 12:18 | Construir | Farm |
| 12:31 | Construir | House |
| 12:36 | Construir | House |
| 12:41 | Crear | Villager (Male) |
| 12:42 | Crear | Villager (Male) |
| 13:22 | Crear | Villager (Male) |
| 13:41 | Construir | Farm |
| 13:42 | Construir | Farm |
| 13:59 | Construir | Palisade Gate |
| 14:04 | Crear | Villager (Male) |
| 14:04 | Crear | Villager (Male) |
| 14:21 | Crear | Villager (Male) |
| 14:21 | Crear | Villager (Male) |
| 14:32 | Construir | Mining Camp |
| 14:50 | Construir | Palisade Wall |
| 14:55 | Construir | Palisade Wall |
| 14:57 | Construir | Palisade Wall |
| 14:59 | Crear | Villager (Male) |
| 15:00 | Crear | Villager (Male) |
| 15:17 | Construir | Farm |
| 15:17 | Construir | Farm |
| 15:20 | Construir | Farm |
| 15:20 | Construir | Farm |
| 15:20 | Construir | Farm |
| 15:20 | Construir | Farm |
| 15:21 | Construir | Farm |
| 15:21 | Construir | Farm |
| 15:21 | Construir | Farm |
| 15:22 | Construir | Farm |
| 15:22 | Construir | Farm |
| 16:24 | Crear | Villager (Male) |
| 16:25 | Crear | Villager (Male) |
| 17:04 | Crear | Villager (Male) |
| 17:04 | Crear | Villager (Male) |
| 17:08 | Crear | Villager (Male) |
| 17:18 | Crear | Scout Cavalry |
| 17:18 | Crear | Scout Cavalry |
| 17:18 | Crear | Scout Cavalry |
| 17:19 | Crear | Scout Cavalry |
| 17:57 | Construir | House |
| 18:08 | Crear | Villager (Male) |
| 18:08 | Crear | Villager (Male) |
| 18:29 | Crear | Villager (Male) |
| 18:29 | Crear | Villager (Male) |
| 18:39 | Crear | Villager (Male) |
| 18:46 | Construir | Farm |
| 18:47 | Construir | Farm |
| 18:47 | Construir | Farm |
| 18:47 | Construir | Farm |
| 18:47 | Construir | Farm |
| 18:48 | Construir | Farm |
| 18:48 | Construir | Farm |
| 18:48 | Construir | Farm |
| 18:48 | Construir | Farm |
| 19:23 | Construir | Palisade Gate |
| 19:43 | Construir | Palisade Wall |
| 20:20 | Construir | Blacksmith |
| 20:22 | Construir | House |
| 20:26 | Crear | Villager (Male) |
| 20:26 | Crear | Villager (Male) |
| 20:42 | Construir | Farm |
| 21:07 | Investigar | Wheelbarrow |
| 21:16 | Construir | Stable |
| 21:47 | Construir | Farm |
| 21:48 | Construir | Farm |
| 21:48 | Construir | Farm |
| 22:13 | Investigar | Castle Age |
| 22:18 | Construir | Farm |
| 22:33 | Construir | Farm |
| 22:42 | Investigar | Scale Barding Armor |
| 23:10 | Investigar | Forging |
| 23:15 | Investigar | Bloodlines |
| 24:43 | Investigar | Forging |
| 24:45 | Edad | Edad de los Castillos |
| 24:47 | Crear | Villager (Male) |
| 24:47 | Crear | Villager (Male) |
| 24:55 | Construir | Town Center |
| 25:04 | Investigar | Chain Barding Armor |
| 25:06 | Crear | Camel Scout |
| 25:06 | Crear | Camel Scout |
| 25:06 | Crear | Camel Scout |
| 25:06 | Crear | Camel Scout |
| 25:07 | Crear | Camel Scout |
| 25:07 | Crear | Camel Scout |
Build order — 17_Ovlin
Primeras 150 de 220 acciones detectadas
| 0:01 | Crear | Villager (Male) |
| 0:05 | Construir | House |
| 0:07 | Construir | House |
| 0:28 | Crear | Villager (Male) |
| 0:28 | Crear | Villager (Male) |
| 0:28 | Crear | Villager (Male) |
| 0:28 | Crear | Villager (Male) |
| 0:28 | Crear | Villager (Male) |
| 1:39 | Crear | Villager (Male) |
| 1:46 | Construir | Lumber Camp |
| 2:10 | Crear | Villager (Male) |
| 2:10 | Crear | Villager (Male) |
| 2:33 | Crear | Villager (Male) |
| 3:06 | Crear | Villager (Male) |
| 3:07 | Crear | Villager (Male) |
| 3:07 | Crear | Villager (Male) |
| 3:32 | Construir | House |
| 3:47 | Crear | Villager (Male) |
| 4:10 | Construir | House |
| 4:30 | Construir | Mill |
| 4:39 | Crear | Villager (Male) |
| 4:39 | Crear | Villager (Male) |
| 4:40 | Crear | Villager (Male) |
| 5:26 | Crear | Villager (Male) |
| 5:41 | Crear | Villager (Male) |
| 6:13 | Crear | Villager (Male) |
| 6:13 | Crear | Villager (Male) |
| 7:00 | Crear | Villager (Male) |
| 7:45 | Construir | Barracks |
| 7:51 | Investigar | Feudal Age |
| 7:58 | Construir | Palisade Wall |
| 8:01 | Construir | House |
| 8:08 | Construir | Palisade Wall |
| 9:21 | Construir | House |
| 9:55 | Edad | Edad Feudal |
| 10:15 | Construir | Stable |
| 10:19 | Crear | Villager (Male) |
| 10:19 | Crear | Villager (Male) |
| 10:19 | Crear | Villager (Male) |
| 10:24 | Construir | Farm |
| 10:27 | Construir | Farm |
| 10:30 | Construir | Farm |
| 10:53 | Investigar | Double-Bit Axe |
| 11:09 | Crear | Scout Cavalry |
| 11:09 | Crear | Scout Cavalry |
| 11:09 | Crear | Scout Cavalry |
| 11:10 | Crear | Scout Cavalry |
| 11:10 | Crear | Scout Cavalry |
| 11:10 | Crear | Scout Cavalry |
| 11:10 | Crear | Scout Cavalry |
| 11:39 | Crear | Villager (Male) |
| 11:40 | Crear | Villager (Male) |
| 11:43 | Construir | Farm |
| 11:50 | Construir | Farm |
| 11:53 | Construir | Farm |
| 11:58 | Investigar | Horse Collar |
| 12:08 | Construir | Farm |
| 12:19 | Construir | Farm |
| 12:22 | Crear | Villager (Male) |
| 12:36 | Crear | Villager (Male) |
| 12:42 | Construir | Farm |
| 12:55 | Construir | Palisade Wall |
| 13:06 | Construir | Palisade Wall |
| 13:11 | Construir | Palisade Wall |
| 13:13 | Crear | Villager (Male) |
| 13:14 | Crear | Villager (Male) |
| 13:16 | Construir | House |
| 13:25 | Crear | Villager (Male) |
| 13:34 | Construir | Farm |
| 13:41 | Crear | Villager (Male) |
| 14:20 | Construir | House |
| 14:25 | Construir | House |
| 14:35 | Crear | Villager (Male) |
| 14:39 | Construir | Farm |
| 14:42 | Construir | Farm |
| 14:48 | Construir | Farm |
| 14:49 | Crear | Villager (Male) |
| 15:13 | Crear | Spearman |
| 15:13 | Crear | Spearman |
| 15:13 | Crear | Spearman |
| 15:15 | Crear | Villager (Male) |
| 16:02 | Crear | Villager (Male) |
| 16:07 | Crear | Villager (Male) |
| 16:21 | Crear | Spearman |
| 16:45 | Crear | Villager (Male) |
| 16:59 | Crear | Villager (Male) |
| 17:07 | Construir | Mill |
| 17:08 | Construir | Farm |
| 17:08 | Construir | Farm |
| 17:09 | Construir | Farm |
| 17:09 | Construir | Farm |
| 17:09 | Construir | Farm |
| 17:09 | Construir | Farm |
| 17:10 | Construir | Farm |
| 17:18 | Crear | Villager (Male) |
| 17:42 | Construir | Mining Camp |
| 17:50 | Crear | Villager (Male) |
| 18:00 | Construir | Farm |
| 18:03 | Crear | Villager (Male) |
| 18:54 | Construir | Blacksmith |
| 18:57 | Crear | Villager (Male) |
| 19:39 | Investigar | Castle Age |
| 19:45 | Construir | House |
| 19:46 | Construir | House |
| 19:53 | Construir | House |
| 20:12 | Construir | Stable |
| 20:18 | Investigar | Bloodlines |
| 20:23 | Investigar | Forging |
| 20:24 | Investigar | Scale Barding Armor |
| 20:43 | Investigar | Gold Mining |
| 21:30 | Crear | Villager (Male) |
| 21:30 | Crear | Villager (Male) |
| 21:30 | Crear | Villager (Male) |
| 22:05 | Edad | Edad de los Castillos |
| 22:08 | Crear | Camel Scout |
| 22:08 | Crear | Camel Scout |
| 22:09 | Crear | Camel Scout |
| 22:09 | Crear | Camel Scout |
| 22:11 | Crear | Camel Scout |
| 22:17 | Crear | Camel Scout |
| 22:17 | Crear | Camel Scout |
| 22:19 | Crear | Villager (Male) |
| 22:45 | Construir | Town Center |
| 22:53 | Crear | Villager (Male) |
| 22:54 | Crear | Knight |
| 22:56 | Crear | Camel Scout |
| 22:57 | Crear | Camel Scout |
| 23:13 | Investigar | Husbandry |
| 23:16 | Crear | Villager (Male) |
| 23:27 | Investigar | Bow Saw |
| 23:34 | Crear | Camel Scout |
| 23:58 | Crear | Camel Scout |
| 24:00 | Crear | Camel Scout |
| 24:02 | Crear | Villager (Male) |
| 24:03 | Crear | Villager (Male) |
| 24:03 | Crear | Villager (Male) |
| 24:48 | Crear | Villager (Male) |
| 24:49 | Crear | Villager (Male) |
| 24:49 | Crear | Villager (Male) |
| 24:50 | Crear | Villager (Male) |
| 24:50 | Crear | Villager (Male) |
| 25:21 | Crear | Villager (Male) |
| 25:22 | Construir | Farm |
| 25:26 | Crear | Villager (Male) |
| 25:29 | Crear | Camel Scout |
| 25:29 | Crear | Camel Scout |
| 25:32 | Crear | Villager (Male) |
| 25:38 | Construir | House |
| 25:43 | Construir | House |
| 25:55 | Construir | Farm |
Build order — Rio
Primeras 150 de 213 acciones detectadas
| 0:04 | Crear | Villager (Male) |
| 0:05 | Construir | House |
| 0:07 | Construir | House |
| 0:09 | Crear | Villager (Male) |
| 0:10 | Crear | Villager (Male) |
| 0:10 | Crear | Villager (Male) |
| 0:10 | Crear | Villager (Male) |
| 1:27 | Crear | Villager (Male) |
| 2:03 | Crear | Villager (Male) |
| 2:03 | Crear | Villager (Male) |
| 2:07 | Construir | Lumber Camp |
| 2:31 | Crear | Villager (Male) |
| 2:53 | Crear | Villager (Male) |
| 3:20 | Crear | Villager (Male) |
| 3:29 | Construir | House |
| 3:38 | Crear | Villager (Male) |
| 4:01 | Crear | Villager (Male) |
| 4:02 | Crear | Villager (Male) |
| 4:02 | Crear | Villager (Male) |
| 4:02 | Crear | Villager (Male) |
| 4:22 | Construir | Mill |
| 4:34 | Crear | Villager (Male) |
| 4:50 | Crear | Villager (Male) |
| 5:21 | Construir | House |
| 5:32 | Crear | Villager (Male) |
| 6:00 | Crear | Villager (Male) |
| 7:08 | Investigar | Loom |
| 7:08 | Investigar | Feudal Age |
| 7:16 | Construir | House |
| 7:31 | Construir | Lumber Camp |
| 8:40 | Construir | Barracks |
| 8:51 | Crear | Villager (Male) |
| 8:52 | Crear | Villager (Male) |
| 9:16 | Construir | Palisade Wall |
| 9:31 | Crear | Villager (Male) |
| 9:44 | Edad | Edad Feudal |
| 9:52 | Construir | Stable |
| 9:55 | Investigar | Double-Bit Axe |
| 9:57 | Investigar | Horse Collar |
| 10:05 | Crear | Spearman |
| 10:19 | Construir | Palisade Wall |
| 10:21 | Crear | Villager (Male) |
| 10:34 | Construir | Farm |
| 10:39 | Construir | Farm |
| 10:48 | Crear | Scout Cavalry |
| 10:57 | Crear | Scout Cavalry |
| 10:58 | Crear | Villager (Male) |
| 11:00 | Crear | Spearman |
| 11:12 | Construir | Farm |
| 11:15 | Construir | Farm |
| 11:22 | Construir | House |
| 11:24 | Construir | Palisade Wall |
| 11:26 | Crear | Villager (Male) |
| 11:27 | Crear | Scout Cavalry |
| 11:41 | Crear | Villager (Male) |
| 11:53 | Construir | House |
| 12:18 | Crear | Villager (Male) |
| 12:24 | Crear | Scout Cavalry |
| 12:30 | Construir | Palisade Wall |
| 12:31 | Crear | Villager (Male) |
| 12:36 | Construir | House |
| 12:39 | Construir | Blacksmith |
| 12:47 | Crear | Villager (Male) |
| 12:49 | Construir | Farm |
| 13:08 | Construir | Palisade Wall |
| 13:13 | Construir | Mining Camp |
| 13:21 | Crear | Villager (Male) |
| 13:36 | Construir | House |
| 13:37 | Crear | Villager (Male) |
| 13:52 | Construir | Farm |
| 13:54 | Construir | Farm |
| 13:59 | Construir | Farm |
| 14:08 | Investigar | Forging |
| 14:16 | Construir | House |
| 14:30 | Crear | Villager (Male) |
| 14:42 | Construir | Farm |
| 14:47 | Construir | Palisade Wall |
| 14:56 | Construir | House |
| 14:58 | Construir | Palisade Wall |
| 15:05 | Crear | Villager (Male) |
| 15:17 | Construir | Palisade Wall |
| 15:23 | Crear | Villager (Male) |
| 15:33 | Construir | Farm |
| 15:47 | Construir | Palisade Wall |
| 15:49 | Construir | Palisade Wall |
| 15:50 | Construir | Palisade Wall |
| 15:53 | Construir | Palisade Gate |
| 15:57 | Crear | Villager (Male) |
| 16:00 | Construir | Farm |
| 16:25 | Crear | Villager (Male) |
| 16:31 | Construir | Farm |
| 16:43 | Crear | Villager (Male) |
| 16:54 | Construir | Market |
| 17:02 | Crear | Villager (Male) |
| 17:06 | Construir | Farm |
| 17:06 | Construir | Farm |
| 17:07 | Construir | Farm |
| 17:08 | Construir | Farm |
| 17:18 | Crear | Villager (Male) |
| 17:24 | Construir | Farm |
| 17:25 | Construir | Farm |
| 17:34 | Construir | Farm |
| 17:47 | Crear | Villager (Male) |
| 17:51 | Construir | Farm |
| 17:54 | Construir | Farm |
| 18:10 | Investigar | Castle Age |
| 19:20 | Investigar | Gold Mining |
| 19:42 | Crear | Scout Cavalry |
| 19:45 | Investigar | Bloodlines |
| 20:05 | Construir | House |
| 20:25 | Construir | Palisade Wall |
| 20:50 | Edad | Edad de los Castillos |
| 20:52 | Crear | Villager (Male) |
| 20:55 | Crear | Camel Scout |
| 21:03 | Investigar | Bow Saw |
| 21:12 | Construir | Town Center |
| 21:30 | Crear | Villager (Male) |
| 21:40 | Crear | Camel Scout |
| 22:06 | Crear | Villager (Male) |
| 22:23 | Investigar | Husbandry |
| 22:28 | Construir | Town Center |
| 22:31 | Crear | Villager (Male) |
| 22:38 | Crear | Camel Scout |
| 23:01 | Crear | Camel Scout |
| 23:04 | Crear | Villager (Male) |
| 23:09 | Construir | Monastery |
| 23:16 | Investigar | Heavy Plow |
| 23:22 | Crear | Villager (Male) |
| 23:25 | Crear | Villager (Male) |
| 23:42 | Construir | Stable |
| 23:48 | Crear | Camel Scout |
| 23:53 | Crear | Villager (Male) |
| 23:54 | Crear | Villager (Male) |
| 23:57 | Construir | House |
| 23:57 | Construir | House |
| 23:58 | Crear | Monk |
| 24:21 | Crear | Villager (Male) |
| 24:21 | Crear | Villager (Male) |
| 24:21 | Crear | Villager (Male) |
| 24:29 | Construir | Mining Camp |
| 24:53 | Crear | Camel Scout |
| 24:54 | Crear | Camel Scout |
| 24:58 | Construir | Farm |
| 25:00 | Crear | Villager (Male) |
| 25:02 | Construir | Farm |
| 25:06 | Crear | Camel Scout |
| 25:11 | Investigar | Fletching |
| 25:21 | Construir | Farm |
| 25:22 | Construir | Farm |
| 25:23 | Construir | Farm |
Build order — LMG_HERA DE TEMU
Primeras 150 de 225 acciones detectadas
| 0:00 | Crear | Villager (Male) |
| 0:01 | Crear | Villager (Male) |
| 0:01 | Crear | Villager (Male) |
| 0:02 | Crear | Villager (Male) |
| 0:03 | Construir | House |
| 0:04 | Construir | House |
| 1:33 | Crear | Villager (Male) |
| 1:34 | Crear | Villager (Male) |
| 1:34 | Crear | Villager (Male) |
| 1:46 | Construir | Lumber Camp |
| 1:55 | Crear | Villager (Male) |
| 1:55 | Crear | Villager (Male) |
| 1:55 | Crear | Villager (Male) |
| 2:15 | Crear | Villager (Male) |
| 2:16 | Crear | Villager (Male) |
| 2:16 | Crear | Villager (Male) |
| 2:39 | Crear | Villager (Male) |
| 2:40 | Investigar | Loom |
| 2:40 | Investigar | Loom |
| 2:41 | Investigar | Loom |
| 3:04 | Crear | Villager (Male) |
| 3:05 | Crear | Villager (Male) |
| 3:05 | Crear | Villager (Male) |
| 3:29 | Construir | House |
| 3:30 | Construir | House |
| 4:08 | Crear | Villager (Male) |
| 4:09 | Crear | Villager (Male) |
| 4:37 | Crear | Villager (Male) |
| 4:37 | Crear | Villager (Male) |
| 4:55 | Construir | Mill |
| 4:56 | Crear | Villager (Male) |
| 4:56 | Crear | Villager (Male) |
| 4:56 | Crear | Villager (Male) |
| 5:28 | Investigar | Loom |
| 6:16 | Investigar | Feudal Age |
| 7:35 | Construir | Barracks |
| 7:40 | Crear | Villager (Male) |
| 7:40 | Crear | Villager (Male) |
| 8:06 | Crear | Villager (Male) |
| 8:06 | Crear | Villager (Male) |
| 8:51 | Edad | Edad Feudal |
| 8:58 | Construir | Stable |
| 9:05 | Construir | House |
| 9:09 | Construir | Palisade Wall |
| 9:13 | Construir | House |
| 9:18 | Construir | Palisade Wall |
| 9:22 | Investigar | Double-Bit Axe |
| 9:23 | Investigar | Double-Bit Axe |
| 9:26 | Crear | Villager (Male) |
| 9:26 | Crear | Villager (Male) |
| 9:30 | Construir | House |
| 9:31 | Construir | House |
| 9:50 | Crear | Scout Cavalry |
| 9:51 | Crear | Scout Cavalry |
| 9:51 | Crear | Scout Cavalry |
| 9:56 | Construir | Farm |
| 10:02 | Construir | Palisade Wall |
| 10:13 | Crear | Villager (Male) |
| 10:13 | Crear | Villager (Male) |
| 10:16 | Construir | Farm |
| 10:19 | Construir | Palisade Wall |
| 10:23 | Construir | Palisade Gate |
| 10:27 | Construir | Palisade Wall |
| 10:42 | Construir | Palisade Gate |
| 10:44 | Construir | Palisade Wall |
| 10:45 | Crear | Villager (Male) |
| 10:45 | Crear | Villager (Male) |
| 11:05 | Crear | Spearman |
| 11:13 | Construir | Farm |
| 11:14 | Construir | Farm |
| 11:38 | Crear | Villager (Male) |
| 11:39 | Crear | Villager (Male) |
| 11:51 | Construir | Farm |
| 11:52 | Construir | Farm |
| 11:56 | Construir | House |
| 11:57 | Construir | House |
| 12:14 | Crear | Spearman |
| 12:15 | Crear | Villager (Male) |
| 12:16 | Crear | Villager (Male) |
| 12:24 | Construir | House |
| 12:29 | Construir | House |
| 12:40 | Construir | House |
| 12:42 | Crear | Villager (Male) |
| 12:42 | Crear | Villager (Male) |
| 13:07 | Construir | Blacksmith |
| 13:16 | Construir | Blacksmith |
| 13:23 | Crear | Villager (Male) |
| 13:23 | Crear | Villager (Male) |
| 13:25 | Construir | Farm |
| 13:26 | Construir | Farm |
| 13:36 | Crear | Villager (Male) |
| 13:36 | Crear | Villager (Male) |
| 13:53 | Construir | Mining Camp |
| 13:56 | Crear | Villager (Male) |
| 13:56 | Crear | Villager (Male) |
| 14:17 | Crear | Spearman |
| 14:21 | Crear | Villager (Male) |
| 14:21 | Crear | Villager (Male) |
| 14:25 | Construir | Farm |
| 14:27 | Construir | Farm |
| 14:28 | Construir | Farm |
| 14:39 | Construir | Farm |
| 15:10 | Construir | Farm |
| 15:28 | Construir | Farm |
| 15:42 | Crear | Villager (Male) |
| 15:42 | Crear | Villager (Male) |
| 15:49 | Construir | Lumber Camp |
| 16:23 | Crear | Spearman |
| 17:00 | Investigar | Wheelbarrow |
| 17:28 | Crear | Scout Cavalry |
| 17:28 | Crear | Scout Cavalry |
| 17:28 | Crear | Scout Cavalry |
| 18:01 | Construir | Market |
| 18:16 | Investigar | Scale Barding Armor |
| 18:22 | Crear | Villager (Male) |
| 18:22 | Crear | Villager (Male) |
| 19:20 | Investigar | Castle Age |
| 19:27 | Investigar | Scale Barding Armor |
| 19:42 | Construir | Archery Range |
| 19:44 | Construir | Archery Range |
| 19:50 | Construir | Archery Range |
| 20:08 | Investigar | Fletching |
| 20:28 | Investigar | Gold Mining |
| 21:48 | Crear | Villager (Male) |
| 21:48 | Crear | Villager (Male) |
| 21:48 | Crear | Villager (Male) |
| 22:00 | Edad | Edad de los Castillos |
| 22:04 | Construir | Town Center |
| 22:07 | Crear | Cavalry Archer |
| 22:07 | Crear | Cavalry Archer |
| 22:08 | Crear | Cavalry Archer |
| 22:08 | Crear | Cavalry Archer |
| 22:09 | Investigar | Bodkin Arrow |
| 22:11 | Crear | Cavalry Archer |
| 22:11 | Crear | Cavalry Archer |
| 22:12 | Crear | Cavalry Archer |
| 22:30 | Investigar | Padded Archer Armor |
| 22:40 | Crear | Cavalry Archer |
| 22:41 | Crear | Cavalry Archer |
| 22:41 | Crear | Cavalry Archer |
| 22:59 | Construir | Mining Camp |
| 23:03 | Investigar | Bow Saw |
| 23:06 | Crear | Villager (Male) |
| 23:07 | Crear | Villager (Male) |
| 23:18 | Construir | Farm |
| 23:19 | Construir | Farm |
| 23:22 | Construir | Farm |
| 23:32 | Crear | Villager (Male) |
| 23:33 | Crear | Villager (Male) |
| 23:33 | Crear | Villager (Male) |
Cronología de la partida
| 7:09 | LMG_Leonardo · first_building Barracks |
| 7:35 | LMG_HERA DE TEMU · first_building Barracks |
| 7:45 | 17_Ovlin · first_building Barracks |
| 7:57 | LMG_SON SABANDIJAS · first_building Barracks |
| 7:58 | 17_Ovlin · wall_segment Palisade Wall x9 |
| 8:08 | 17_Ovlin · wall_segment Palisade Wall x11 |
| 8:14 | Ming Fu · first_building Barracks |
| 8:16 | LMG_SON SABANDIJAS · wall_segment Palisade Wall x1 |
| 8:18 | LMG_SON SABANDIJAS · wall_segment Palisade Wall x3 |
| 8:27 | LMG_Leonardo · age_up feudal |
| 8:30 | Ming Fu · wall_segment Palisade Wall x6 |
| 8:40 | Rio · first_building Barracks |
| 8:51 | LMG_HERA DE TEMU · age_up feudal |
| 8:58 | LMG_HERA DE TEMU · first_building Stable |
| 9:07 | LMG_Leonardo · first_building Stable |
| 9:09 | LMG_HERA DE TEMU · wall_segment Palisade Wall x14 |
| 9:16 | Rio · wall_segment Palisade Wall x6 |
| 9:18 | LMG_HERA DE TEMU · wall_segment Palisade Wall x17 |
| 9:23 | LMG_SON SABANDIJAS · wall_segment Palisade Wall x13 |
| 9:25 | LMG_SON SABANDIJAS · age_up feudal |
| 9:37 | LMG_SON SABANDIJAS · first_building Stable |
| 9:41 | Ming Fu · age_up feudal |
| 9:43 | Ming Fu · wall_segment Palisade Wall x4 |
| 9:44 | Rio · age_up feudal |
| 9:44 | LMG_Leonardo · wall_segment Palisade Wall x10 |
| 9:45 | LMG_Leonardo · wall_segment Palisade Wall x4 |
| 9:52 | Rio · first_building Stable |
| 9:53 | Ming Fu · first_building Stable |
| 9:55 | 17_Ovlin · age_up feudal |
| 10:01 | LMG_SON SABANDIJAS · wall_segment Palisade Wall x1 |
| 10:02 | LMG_HERA DE TEMU · wall_segment Palisade Wall x5 |
| 10:02 | LMG_SON SABANDIJAS · wall_segment Palisade Wall x1 |
| 10:04 | LMG_SON SABANDIJAS · wall_segment Palisade Wall x1 |
| 10:04 | LMG_SON SABANDIJAS · wall_segment Palisade Wall x1 |
| 10:05 | LMG_SON SABANDIJAS · wall_segment Palisade Wall x1 |
| 10:15 | 17_Ovlin · first_building Stable |
| 10:15 | LMG_SON SABANDIJAS · wall_segment Palisade Wall x6 |
| 10:19 | LMG_HERA DE TEMU · wall_segment Palisade Wall x1 |
| 10:19 | Rio · wall_segment Palisade Wall x12 |
| 10:27 | LMG_HERA DE TEMU · wall_segment Palisade Wall x5 |
| 10:28 | Ming Fu · wall_segment Palisade Wall x4 |
| 10:31 | LMG_Leonardo · wall_segment Palisade Wall x10 |
| 10:31 | LMG_SON SABANDIJAS · wall_segment Palisade Wall x2 |
| 10:32 | LMG_Leonardo · wall_segment Palisade Wall x8 |
| 10:44 | LMG_HERA DE TEMU · wall_segment Palisade Wall x2 |
| 10:50 | LMG_SON SABANDIJAS · wall_segment Palisade Wall x1 |
| 10:51 | Ming Fu · wall_segment Palisade Wall x1 |
| 10:52 | LMG_SON SABANDIJAS · wall_segment Palisade Wall x15 |
| 10:57 | LMG_SON SABANDIJAS · wall_segment Palisade Wall x8 |
| 11:01 | Ming Fu · wall_segment Palisade Wall x7 |
| 11:24 | Rio · wall_segment Palisade Wall x3 |
| 11:26 | Ming Fu · wall_segment Palisade Wall x1 |
| 11:27 | LMG_Leonardo · wall_segment Palisade Wall x13 |
| 11:32 | LMG_Leonardo · wall_segment Palisade Wall x19 |
| 11:37 | LMG_Leonardo · wall_segment Palisade Wall x10 |
| 11:39 | LMG_Leonardo · wall_segment Palisade Wall x9 |
| 11:47 | LMG_Leonardo · wall_segment Palisade Wall x1 |
| 12:18 | Ming Fu · wall_segment Palisade Wall x8 |
| 12:29 | Ming Fu · wall_segment Palisade Wall x8 |
| 12:30 | Rio · wall_segment Palisade Wall x3 |
| 12:55 | 17_Ovlin · wall_segment Palisade Wall x10 |
| 13:06 | 17_Ovlin · wall_segment Palisade Wall x10 |
| 13:08 | Rio · wall_segment Palisade Wall x1 |
| 13:11 | 17_Ovlin · wall_segment Palisade Wall x11 |
| 14:47 | Rio · wall_segment Palisade Wall x7 |
| 14:50 | LMG_Leonardo · wall_segment Palisade Wall x1 |
| 14:55 | LMG_Leonardo · wall_segment Palisade Wall x1 |
| 14:57 | LMG_Leonardo · wall_segment Palisade Wall x1 |
| 14:58 | Rio · wall_segment Palisade Wall x1 |
| 15:17 | Rio · wall_segment Palisade Wall x1 |
| 15:47 | Rio · wall_segment Palisade Wall x8 |
| 15:49 | Rio · wall_segment Palisade Wall x2 |
| 15:50 | Rio · wall_segment Palisade Wall x3 |
| 18:06 | Rio · first_market_sell 500 wood |
| 18:07 | Rio · first_market_buy 100 food |
| 19:15 | LMG_HERA DE TEMU · first_market_sell 100 wood |
| 19:16 | LMG_HERA DE TEMU · first_market_buy 100 food |
| 19:42 | LMG_HERA DE TEMU · first_building Archery Range |
| 19:43 | LMG_Leonardo · wall_segment Palisade Wall x1 |
| 19:54 | Ming Fu · first_building Archery Range |
| 20:25 | Rio · wall_segment Palisade Wall x4 |
| 20:50 | Rio · age_up castle |
| 21:33 | Ming Fu · wall_segment Palisade Wall x1 |
| 21:34 | Ming Fu · wall_segment Palisade Wall x1 |
| 22:00 | LMG_HERA DE TEMU · age_up castle |
| 22:05 | 17_Ovlin · age_up castle |
| 22:39 | Ming Fu · first_market_sell 100 wood |
| 23:09 | Rio · first_building Monastery |
| 23:35 | Ming Fu · wall_segment Palisade Wall x1 |
| 23:50 | Ming Fu · wall_segment Palisade Wall x1 |
| 23:52 | Ming Fu · wall_segment Palisade Wall x1 |
| 23:54 | Ming Fu · wall_segment Palisade Wall x1 |
| 24:45 | LMG_Leonardo · age_up castle |
| 24:58 | Ming Fu · age_up castle |
| 25:39 | LMG_SON SABANDIJAS · age_up castle |
| 27:31 | Rio · first_building Archery Range |
| 28:04 | LMG_Leonardo · first_building Siege Workshop |
| 28:42 | LMG_HERA DE TEMU · first_building Monastery |
| 29:14 | LMG_Leonardo · wall_segment Palisade Wall x1 |
| 29:15 | LMG_Leonardo · wall_segment Palisade Wall x1 |
| 29:16 | LMG_Leonardo · wall_segment Palisade Wall x1 |
| 29:45 | LMG_HERA DE TEMU · first_building Castle |
| 30:49 | LMG_HERA DE TEMU · wall_segment Stone Wall x1 |
| 32:21 | Rio · first_building Castle |
| 32:30 | Ming Fu · resign |
[ ANÁLISIS IA · 1 CRÉDITO ]
¿Qué pasó realmente en esta partida?
Wolo.gg analiza cada decisión: build order, eco, micro, errores típicos por bracket. Análisis personalizado por WhatsApp o Discord en 30 segundos.
Guía civ
Francos
Perfil
Jugador #12010648